 Dungeon Crawl Stone Soup version bcrawl-1.28.5 (webtiles) character file.

Game seed: 6223729226411045567

188260 Mehrunes the Covered (level 9, 0/45 HPs)
             Began as a Skeleton Necromancer on Jan 27, 2021.
             Was an Initiate of Sif Muna.
             Slain by an unseen horror (2 damage)
             ... on level 7 of the Dungeon.
             The game lasted 00:20:36 (8898 turns).

Mehrunes the Covered (Skeleton Necromancer)         Turns: 8898, Time: 00:20:37

Health: 0/45       AC: 16    Str: 16      XL:     9   Next: 10%
Magic:  0/13       EV:  7    Int: 16      God:    Sif Muna [......]
Gold:   438        SH:  0    Dex:  3 (9)  Spells: 5/14 levels left

rFire    . . .     SeeInvis .   f - +2 dagger (vamp)
rCold    + . .     Gourm    .   (no shield)
rNeg     + + +     Faith    .   y - +0 plate armour
rPois    ∞         Spirit   +   s - +0 helmet
rElec    .         Reflect  .   m - +0 cloak
rCorr    .         Harm     .   (no gloves)
MR       +....                  (no boots)
Stlth    ..........             (no amulet)
HPRegen  0.15/turn              (no ring)
MPRegen  0.13/turn              (no ring)

@: very slightly contaminated, divine energy
A: no food or potions, cold resistance 1, deterioration 1, negative energy
resistance 3, powered by death 1, torment resistance, unbreathing, magic shield,
sturdy frame 1, spell healing
a: Stop Divine Energy, Renounce Religion


You were on level 7 of the Dungeon.
You worshipped Sif Muna.
Sif Muna was noncommittal.
You were not hungry.

You visited 2 branches of the dungeon, and saw 8 of its levels.

You collected 438 gold pieces.

Inventory:

Hand Weapons
 a - a +1 dagger
 f - a +2 vampiric dagger (weapon)
 l - a +0 rapier
Armour
 b - a +0 robe
 k - a +0 ring mail
 m - a +0 cloak (worn)
 r - a +0 chain mail
 s - a +0 helmet (worn)
 w - a +0 chain mail
 y - a +0 plate armour (worn)
Jewellery
 c - a +4 ring of dexterity {unknown}
 g - an uncursed ring of positive energy {unknown}
 j - an uncursed ring of magical power {unknown}
 n - the cursed ring "Toezir" {rN+ Dex+3 Stlth--}
   (You took it off a kobold on level 3 of the Dungeon)

   [ring of attention]

   It affects your dexterity (+3).
   It protects you from negative energy.
   It makes you much less stealthy.
   It has a curse placed upon it.
 p - an uncursed ring of protection from magic {unknown}
 q - an uncursed ring of resist corrosion {unknown}
 z - a +8 ring of strength {unknown}
Scrolls
 d - 5 scrolls of identify
 e - a scroll of fog
 h - a scroll of noise
 i - 3 scrolls of magic mapping
 o - 2 scrolls of immolation
 t - 2 scrolls of enchant armour {unknown}
 u - a scroll of remove curse
 v - 3 scrolls of enchant weapon {unknown}
 x - a scroll of fear {unknown}


   Skills:
 + Level 7.4 Short Blades
 - Level 7.5 Armour
 - Level 6.0 Dodging
 - Level 2.4 Stealth
 - Level 3.0 Spellcasting
 - Level 7.0 Necromancy


You had 5 spell levels left.
You knew the following spells:

 Your Spells              Type           Power        Failure   Level  Hunger
a - Animate Skeleton      Necr           N/A          19%         1    N/A
b - Pain                  Necr           ###...       19%         1    N/A
c - Vampiric Draining     Necr           ###.......   50%         3    N/A
d - Agony                 Necr           ###.....     88%         4    N/A

Your spell library contained the following spells:

 Spells                   Type           Power        Failure   Level  Hunger
 Animate Dead             Necr           N/A          88%         4    N/A
 Magic Dart               Conj           #...         98%         1    N/A
 Summon Small Mammal      Summ           #...         98%         1    N/A
 Call Imp                 Summ           #.....       99%         2    N/A
 Searing Ray              Conj           #.......     99%         2    N/A
 Dispel Undead            Necr           ###.....     99%         5    N/A
 Call Canine Familiar     Summ           #.......     100%        3    N/A
 Iskenderun's Mystic Bla  Conj           #.......     100%        3    N/A
 Fulminant Prism          Conj/Hex       #.........   100%        4    N/A
 Summon Ice Beast         Ice/Summ       #.......     100%        4    N/A
 Irradiate                Conj/Tmut      #.........   100%        5    N/A
 Summon Lightning Spire   Summ/Air       #.......     100%        5    N/A

Dungeon Overview and Level Annotations

Branches:
Dungeon (7/12)             Temple (1/1) D:4
   Lair: D:7-9

Altars:
Ashenzari
Cheibriados
Dithmenos
Elyvilon
Fedhas
Gozag
Hepliaklqana
Makhleb
Sif Muna
Trog
Uskayaw
Vehumet
Wu Jian
Xom
Yredelemnul
Zin

Shops:
D:6 *=

Annotations:
D:3 3 runed translucent doors, yrara's ghost, amateur DsFi
D:4 Menkaure


Innate Abilities, Weirdness & Mutations

You do not eat or drink.
You are immune to poison.
Your flesh is cold resistant. (rC+)
Your body sometimes deteriorates upon taking damage.
You are immune to negative energy. (rN+++)
You regenerate a little health from kills.
You are immune to unholy pain and torment.
You can survive without breathing.
When hurt, damage is shared between your health and your magic reserves.
Your movements are slightly less encumbered by armour. (ER -2)
Casting spells heals you.


Message History

Casting: Vampiric Draining (quite dangerous; 50% risk of failure)
Confirm with . or Enter, or press ? or * to list all spells.
Aiming: Vampiric Draining (quite dangerous; 50% risk of failure)
Press: ? - help, Shift-Dir - straight line You miscast Vampiric Draining.
You are very lightly contaminated with residual magic.
Nothing appears to happen.
Sif Muna grants you divine energy.
You briefly lose access to your magic!
Something hits you.
* * * LOW HITPOINT WARNING * * *
Something hits you.
* * * LOW HITPOINT WARNING * * *
Something hits you but does no damage. Something hits you but does no damage.
You regain access to your magic.
Something hits you but does no damage. Something hits you.
* * * LOW HITPOINT WARNING * * *
Something hits you.
You die...

.... ... .... ... #..#
#.# #..###.# .... ...
#..# #.# . #<.# #†#
...####@># #.#
............# #.#
...........o###.#.#### ≈
.......................
≈. ......###..#####.#####
... #..#..# #..#####.#
....####..#..###.........
#....#..#.......#####.##
+...<'..................


You could see an orc.

Vanquished Creatures
  A steam dragon (D:6)
  A hungry ghost (D:5)
  An ice beast (D:5)
  2 sky beasts
  2 ogres
  2 phantoms (D:4)
  3 centaurs
  A bullfrog (D:6)
  A big kobold (D:6)
  3 scorpions
  A howler monkey (D:4)
  2 bullfrog zombies (D:5)
  A quasit (D:5)
  An orc priest (D:3)
  2 bullfrog skeletons (D:4)
  A jelly (D:6)
  2 centaur zombies
  5 hounds
  An iguana (D:4)
  An orc wizard (D:5)
  A worker ant (D:4)
  Robin (D:4)
  6 adders
  A shadow imp (D:5)
  An ooze (D:5)
  An adder skeleton (D:5)
  6 worms
  3 dart slugs
  4 leopard geckos
  15 orcs
  2 bats
  8 hobgoblins
  6 jackals
  11 kobolds
  A quokka (D:5)
  A ball python (D:2)
  5 frilled lizards
  16 goblins
  13 rats
136 creatures vanquished.

Vanquished Creatures (collateral kills)
  A kobold (D:3)
1 creature vanquished.

Vanquished Creatures (others)
  An orc warrior (D:6)
  An ogre (D:6)
  A bullfrog (D:6)
  A centaur zombie (D:6)
  A hound (D:6)
  An adder (D:6)
  An orc (D:6)
  2 jackals (D:6)
9 creatures vanquished.

Grand Total: 146 creatures vanquished

Notes
Turn   | Place    | Note
-------+----------+-------------------------------------------
     0 | D:1      | Mehrunes the Skeleton Necromancer began the quest for the
                  | Orb.
     0 | D:1      | Reached XP level 1. HP: 10/10 MP: 4/4
   173 | D:1      | Reached XP level 2. HP: 11/15 MP: 3/6
   271 | D:1      | Reached skill level 5 in Necromancy
   978 | D:2      | Noticed a moth of wrath
   982 | D:2      | Reached XP level 3. HP: 19/19 MP: 3/7
  1120 | D:2      | Found a bloodstained altar of Trog.
  1640 | D:2      | Learned a level 3 spell: Vampiric Draining
  2077 | D:3      | Reached XP level 4. HP: 24/24 MP: 1/8
  2127 | D:3      | Identified the cursed ring "Toezir" {rN+ Dex+3 Stlth--}
  2381 | D:3      | Noticed an ogre
  2454 | D:3      | Learned a level 4 spell: Agony
  2455 | D:4      | Noticed Menkaure
  2765 | D:3      | Found a runed translucent gate.
  2765 | D:3      | Found a runed translucent gate.
  2765 | D:3      | Found a runed translucent gate.
  2869 | D:3      | Killed an ogre
  2870 | D:3      | Reached XP level 5. HP: 21/28 MP: 0/9
  2913 | D:3      | Noticed yrara's ghost (amateur DsFi)
  3971 | D:4      | Gained mutation: You regenerate a little health from kills.
                  | [Skeleton growth]
  3971 | D:4      | Reached XP level 6. HP: 18/32 MP: 5/10
  4160 | D:4      | Reached skill level 1 in Short Blades
  4361 | D:4      | Noticed a hippogriff
  4514 | D:4      | Noticed a sky beast
  4855 | D:4      | Killed a sky beast
  4856 | D:4      | Reached XP level 7. HP: 29/36 MP: 2/11
  5052 | D:4      | Reached skill level 5 in Short Blades
  5359 | D:4      | Noticed Robin
  5385 | D:4      | Killed Robin
  5500 | D:4      | Found a staircase to the Ecumenical Temple.
  5568 | Temple   | Entered the Ecumenical Temple
  5789 | Temple   | Became a worshipper of Sif Muna the Loreminder
  6345 | D:5      | Entered Level 5 of the Dungeon
  6380 | D:5      | Reached XP level 8. HP: 38/41 MP: 2/12
  6641 | D:5      | Reached skill level 5 in Dodging
  6760 | D:5      | Found a glowing silver altar of Zin.
  6760 | D:5      | Found an opulent altar of Gozag.
  6782 | D:5      | Reached skill level 5 in Armour
  8002 | D:6      | Found a shimmering altar of Xom.
  8096 | D:6      | Found Cammu's General Store.
  8179 | D:6      | Reached XP level 9. HP: 30/45 MP: 9/13
  8523 | D:6      | Found Pemoefes's Jewellery Shop.
  8897 | D:7      | HP: 2/45 [something (3)]
  8898 | D:7      | Slain by an unseen horror

Skill      XL: |  1  2  3  4  5  6  7  8  9 |
---------------+----------------------------+-----
Necromancy     | 5 6 7 |  7.0
Armour         | 2 3 4 7 |  7.5
Short Blades   | 4 6 7 |  7.4
Dodging        | 4 6 |  6.0
Stealth        | |  2.4
Spellcasting   | |  3.0

Action                   |  1- 3 |  4- 6 |  7- 9 || total
-------------------------+-------+-------+-------++-------
Melee: Dagger            |    26 |    81 |   586 ||   693
 Cast: Pain              |    96 |    81 |    39 ||   216
       Agony             |       |     3 |       ||     3
       Vampiric Draining |       |     4 |     9 ||    13
       Animate Skeleton  |       |     1 |       ||     1
Invok: Divine Energy     |       |       |     1 ||     1
  Use: Scroll            |       |     6 |     1 ||     7
 Stab: Sleeping          |     1 |       |       ||     1
Armor: Ring mail         |     8 |     3 |       ||    11
       Chain mail        |       |    49 |   220 ||   269
       Plate armour      |       |       |    81 ||    81
Dodge: Dodged            |    26 |    46 |   193 ||   265
